 Dungeon Crawl Stone Soup version 0.21.0 (webtiles) character file.

12238 benacre the Severer (level 11, -6/94 HPs)
             Began as a Hill Orc Fighter on June 16, 2018.
             Was a High Priest of Makhleb.
             Mangled by an orc knight
             ... wielding a +0 halberd
              (26 damage)
             ... in a bailey.
             The game lasted 00:29:14 (11216 turns).

benacre the Severer (Hill Orc Fighter)             Turns: 11216, Time: 00:29:14

Health: -6/94      AC: 25    Str: 22    XL:     11   Next: 90%
Magic:  16/16      EV: 11    Int:  8    God:    Makhleb [*****.]
Gold:   267        SH: 10    Dex: 14    Spells: 10/10 levels left

rFire    . . .     SeeInvis .   a - +0 war axe
rCold    . . .     Gourm    .   x - +0 buckler
rNeg     . . .     Faith    .   h - +2 scale mail {MR+}
rPois    +         Spirit   .   T - +2 helmet
rElec    .         Reflect  +   U - +0 cloak
rCorr    .         Harm     .   D - +1 pair of gloves {Dex+3}
MR       +....                  V - +0 pair of boots
Stlth    ..........             N - +5 amulet of reflection
HPRegen  0.25/turn              z - ring of poison resistance
MPRegen  0.15/turn              E - +6 ring of protection

@: no status effects
A: no striking features
a: Minor Destruction, Lesser Servant of Makhleb, Major Destruction, Greater
Servant of Makhleb, Renounce Religion


You were in a bailey.
You worshipped Makhleb.
Makhleb was extremely pleased with you.
You were not hungry.

You visited 1 branch of the dungeon, and saw 11 of its levels.
You also visited: Ossuary and Bailey.

You collected 677 gold pieces.
You spent 410 gold pieces at shops.

Inventory:

Hand Weapons
 a - a +0 war axe (weapon)
 b - a +0 blowgun
 k - a +0 battleaxe
 r - a +2 shortbow of freezing
 R - a +0 morningstar
Missiles
 s - 11 curare-tipped needles
 G - 6 javelins (quivered)
Armour
 h - a +2 scale mail of magic resistance (worn)
 x - a +0 buckler (worn)
 D - a +1 pair of gloves of dexterity (worn)
 T - a +2 helmet (worn)
 U - a +0 cloak (worn)
 V - a +0 pair of boots (worn)
Jewellery
 z - a ring of poison resistance (left hand)
 E - a +6 ring of protection (right hand)
 K - an uncursed ring of ice
 L - an uncursed ring of positive energy
 M - an uncursed ring of fire
 N - a +5 amulet of reflection (around neck)
Wands
 n - a wand of polymorph (8)
 q - a wand of acid (8)
 v - a wand of random effects (29)
 I - a wand of flame (6)
 S - a wand of scattershot (6)
Scrolls
 e - 8 scrolls of teleportation
 j - 5 scrolls of remove curse
 l - 2 scrolls of amnesia
 m - a scroll of blinking
 w - a scroll of enchant weapon
 y - 2 scrolls of fear
 O - 2 scrolls of fog
 P - a scroll of summoning
Potions
 c - a potion of experience {unknown}
 d - a potion of might
 i - a potion of invisibility
 o - a potion of flight
 p - 3 potions of agility
 t - a potion of lignification
 u - 2 potions of mutation
 A - 3 potions of haste
 B - 3 potions of heal wounds
 F - 16 potions of curing
 H - a potion of resistance
 J - 3 potions of berserk rage
Books
 C - a book of Necromancy

   Spells                             Type                      Level
   a - Pain                           Necromancy                   1
   b - Animate Skeleton               Necromancy                   1
   c - Vampiric Draining              Necromancy                   3
   d - Regeneration                   Charms/Necromancy            3
   e - Animate Dead                   Necromancy                   4
   f - Borgnjor's Vile Clutch         Necromancy/Earth             5
Miscellaneous
 g - a fan of gales (inert)
Comestibles
 f - 25 rations


   Skills:
 - Level 8.1 Fighting
 * Level 17.6 Axes
 - Level 9.0 Armour
 - Level 2.2 Dodging
 - Level 4.2 Shields
 - Level 7.0 Invocations


You had 10 spell levels left.
You didn't know any spells.

Dungeon Overview and Level Annotations

Branches:
Dungeon (11/15)            Temple (0/1) D:4            Lair (0/6) D:11
    Orc (0/2) D:9

Altars:
Ashenzari
Cheibriados
Elyvilon
Fedhas
Gozag
Makhleb
Nemelex Xobeh
Okawaru
Sif Muna
Uskayaw
Wu Jian
Yredelemnul
Zin
The Shining One

Shops:
D:9 (*!*[   D:10 %


Message History

The orc knight hits you from afar with a glaive!
* * * LOW HITPOINT WARNING * * *
The orc knight hits you with a halberd!
* * * LOW HITPOINT WARNING * * *
An orc knight comes into view. It is wielding a halberd.
You barely miss the orc knight.
The orc knight is heavily wounded.
You hit the orc knight. You block the orc knight's attack.
The orc knight reads a scroll.
Wisps of shadow swirl around the orc knight.
You block the orc knight's attack. You block the orc knight's attack.
The orc knight hits you from afar with a halberd!
* * * LOW HITPOINT WARNING * * *
The orc knight roars a battlecry!
The orc goes into a battle-frenzy!
You feel much better.
The orc knight roars a battlecry!
The orc knight hits you from afar with a halberd!!
You die...

#.....#
#.o...#
#..o..#
#.....#
#.....#
##'o'##
##..o..##
#.).....#
#.).@...#
#..))...#
#.).)...#
#.))))..#
##..)..##
###'###
#...#
#...#
#...#


You could see 3 orc knights and an orc.

Vanquished Creatures
  Erica (D:9)
  A two-headed ogre (D:8)
  Urug (D:10)
  2 orc knights (Bailey)
  A cyclops (D:11)
  An ugly thing (D:9)
  Maurice (D:10)
  Joseph (D:10)
  A kobold demonologist (D:11)
  The ghost of lambshanks the Skirmisher, an amateur MiBe of Trog (D:5)
  A hippogriff (D:10)
  10 yaks
  A human (D:7)
  3 hogs (D:7)
  A steam dragon (D:8)
  Menkaure (D:6)
  A water moccasin (D:8)
  2 black bears
  10 orc warriors
  2 ice beasts
  3 ogres
  A phantom (D:9)
  4 sky beasts
  3 centaurs
  3 big kobolds (D:11)
  6 bullfrogs
  A water moccasin zombie (Ossuary)
  A scorpion (D:7)
  3 killer bees (D:10)
  2 howler monkeys
  7 crimson imps
  4 bullfrog zombies
  A jelly (D:11)
  A quasit (D:5)
  3 centaur zombies
  A bullfrog skeleton (D:5)
  A centaur skeleton (D:10)
  5 hounds
  7 orc wizards
  Jessica (D:3)
  3 iguanas
  18 mummies (Ossuary)
  Natasha (D:3)
  5 worker ants
  A hound zombie (Ossuary)
  4 hound skeletons
  A howler monkey zombie (D:5)
  6 worker ant zombies (Ossuary)
  7 gnolls
  16 adders
  3 shadow imps
  2 oozes
  2 adder zombies (Ossuary)
  2 adder skeletons
  5 worms
  3 dart slugs
  4 leopard geckos
  61 orcs
  10 bats
  2 giant cockroaches
  5 goblins
  6 hobgoblins
  6 jackals
  6 quokkas
  3 frilled lizards
  2 jackal zombies (Ossuary)
  5 kobolds
  2 leopard gecko zombies
  A quokka zombie (Ossuary)
  2 rats
  A plant (D:4)
296 creatures vanquished.

Vanquished Creatures (others)
  A centaur (D:8)
  A jackal (D:2)
  A kobold (D:11)
3 creatures vanquished.

Grand Total: 299 creatures vanquished

Notes
Turn   | Place    | Note
-------+----------+-------------------------------------------
     0 | D:1      | benacre the Hill Orc Fighter began the quest for the Orb.
     0 | D:1      | Reached XP level 1. HP: 19/19 MP: 1/1
   165 | D:1      | Reached skill level 3 in Axes
   165 | D:1      | Reached XP level 2. HP: 27/27 MP: 2/2
   607 | D:2      | Reached skill level 4 in Axes
   607 | D:2      | Reached XP level 3. HP: 32/33 MP: 3/3
   686 | D:2      | Reached skill level 5 in Axes
   692 | D:2      | Found a white marble altar of Elyvilon.
   704 | D:2      | Reached XP level 4. HP: 28/40 MP: 4/4
   861 | D:2      | Found a burning altar of Makhleb.
   861 | D:2      | Noticed a blizzard demon
   891 | D:2      | Found a glowing silver altar of Zin.
   891 | D:2      | Found an opulent altar of Gozag.
   892 | D:2      | Found a hide-covered altar of Uskayaw.
  1119 | D:2      | Found a snail-covered altar of Cheibriados.
  1196 | D:2      | Noticed a smoke demon
  1196 | D:2      | Noticed an orange demon
  1198 | D:2      | Became a worshipper of Makhleb the Destroyer
  1357 | D:2      | Found a deep blue altar of Sif Muna.
  1795 | D:3      | Reached skill level 6 in Axes
  1795 | D:3      | Reached XP level 5. HP: 42/46 MP: 5/5
  2178 | D:3      | Reached skill level 7 in Axes
  2348 | D:3      | Noticed Natasha
  2352 | D:3      | Killed Natasha
  2394 | D:3      | Noticed Jessica
  2402 | D:3      | Killed Jessica
  2478 | D:3      | Reached * piety under Makhleb
  2507 | D:3      | Reached skill level 8 in Axes
  2507 | D:3      | Reached XP level 6. HP: 47/52 MP: 6/6
  2628 | D:4      | Found a blossoming altar of Fedhas.
  2717 | D:4      | Reached skill level 9 in Axes
  2815 | D:4      | Reached XP level 7. HP: 55/59 MP: 7/7
  2918 | D:4      | Found a staircase to the Ecumenical Temple.
  3290 | D:4      | Reached skill level 10 in Axes
  3457 | D:5      | Entered Level 5 of the Dungeon
  3473 | D:5      | Reached ** piety under Makhleb
  3569 | D:5      | Reached skill level 11 in Axes
  3726 | D:5      | Found a sparkling altar of Nemelex Xobeh.
  3761 | D:5      | Noticed lambshanks's ghost (amateur MiBe)
  3763 | D:5      | Reached XP level 8. HP: 60/66 MP: 8/8
  3774 | D:5      | Killed lambshanks's ghost
  3774 | D:5      | Reached skill level 12 in Axes
  3962 | D:5      | Got a bound pewter amulet
  4002 | D:5      | Identified the amulet of Dim Light {Inacc Dex+6} (You found it on level 5 of the Dungeon)
  4213 | D:5      | Found a basalt altar of Yredelemnul.
  4215 | D:5      | Noticed a profane servitor
  4225 | D:5      | Found a glowing golden altar of the Shining One.
  4227 | D:5      | Noticed an angel
  4315 | D:6      | Reached skill level 13 in Axes
  4353 | D:6      | Found a shattered altar of Ashenzari.
  4355 | D:6      | Found an ornate altar of the Wu Jian Council.
  4471 | D:6      | Noticed Menkaure
  4498 | D:6      | Killed Menkaure
  4629 | D:6      | Reached XP level 9. HP: 45/71 MP: 9/9
  4827 | D:6      | Reached skill level 14 in Axes
  5576 | D:7      | Reached skill level 15 in Axes
  5964 | D:7      | Reached *** piety under Makhleb
  5964 | D:7      | Reached skill level 16 in Axes
  5971 | D:7      | Reached skill level 1 in Invocations
  6498 | D:8      | Reached XP level 10. HP: 78/78 MP: 12/12
  6524 | D:8      | Reached skill level 5 in Armour
  6531 | D:8      | Noticed a two-headed ogre
  6542 | D:8      | Killed a two-headed ogre
  6661 | D:8      | Found a sand-covered staircase.
  6667 | Ossuary  | Entered an ossuary
  6810 | Ossuary  | Reached **** piety under Makhleb
  8154 | D:9      | Reached skill level 5 in Fighting
  8166 | D:9      | Found Iicol's Incredible Inventory.
  8190 | D:9      | Found Redeolixef's General Store.
  8193 | D:9      | Bought a potion of haste for 140 gold pieces
  8193 | D:9      | Bought a scroll of teleportation for 42 gold pieces
  8193 | D:9      | Bought a +0 pair of boots for 63 gold pieces
  8229 | D:9      | Noticed a brown ugly thing
  8254 | D:9      | Gained mutation: Your magical capacity is low. (-10% MP) [potion of mutation]
  8254 | D:9      | Gained mutation: Armour fits poorly on your strangely shaped body. [potion of mutation]
  8254 | D:9      | Gained mutation: You are partially covered in iridescent scales. (AC +2) [potion of mutation]
  8264 | D:9      | Killed a brown ugly thing
  8620 | D:9      | Noticed Erica
  8652 | D:9      | Killed Erica
  8652 | D:9      | Reached skill level 5 in Invocations
  8652 | D:9      | Reached XP level 11. HP: 49/92 MP: 11/13
  8862 | D:9      | Found Ewaant's Antique Weapon Boutique.
  9028 | D:9      | Found a staircase to the Orcish Mines.
  9029 | D:9      | Lost mutation: Your magical capacity is low. (-10% MP) [potion of mutation]
  9029 | D:9      | Lost mutation: Armour fits poorly on your strangely shaped body. [potion of mutation]
  9029 | D:9      | Lost mutation: You are partially covered in iridescent scales. (AC +2) [potion of mutation]
  9029 | D:9      | Gained mutation: Scrolls take you a little longer to read. [potion of mutation]
  9029 | D:9      | Gained mutation: You have a pair of small horns on your head. [potion of mutation]
  9030 | D:9      | Lost mutation: You have a pair of small horns on your head. [potion of mutation]
  9030 | D:9      | Lost mutation: Scrolls take you a little longer to read. [potion of mutation]
  9030 | D:9      | Gained mutation: You are weak. (Str -2) [potion of mutation]
  9030 | D:9      | Lost mutation: You are weak. (Str -2) [potion of mutation]
  9053 | D:9      | Found Tuask's Antique Armour Emporium.
  9061 | D:9      | Bought a shiny helmet for 165 gold pieces
  9201 | D:9      | Found an iron altar of Okawaru.
  9234 | D:9      | Found Ahiet's Distillery.
  9609 | D:10     | Entered Level 10 of the Dungeon
  9690 | D:10     | Noticed Urug
  9700 | D:10     | Killed Urug
  9700 | D:10     | Reached skill level 1 in Dodging
  9703 | D:10     | Noticed Maurice
 10289 | D:10     | Found Buoh's Food Boutique.
 10317 | D:10     | Killed Maurice
 10413 | D:10     | Noticed Joseph
 10451 | D:10     | Killed Joseph
 11000 | D:11     | Noticed a cyclops
 11035 | D:11     | Killed a cyclops
 11040 | D:11     | Reached skill level 17 in Axes
 11041 | D:11     | Found a flagged portal.
 11061 | Bailey   | Entered a bailey
 11077 | Bailey   | Reached ***** piety under Makhleb
 11174 | Bailey   | Noticed an orc knight
 11174 | Bailey   | Noticed an orc knight
 11183 | Bailey   | Noticed an orc knight
 11191 | Bailey   | Killed an orc knight
 11193 | Bailey   | Noticed an orc knight
 11201 | Bailey   | Killed an orc knight
 11213 | Bailey   | Noticed an orc knight
 11214 | Bailey   | HP: 4/94 [orc knight/halberd (11)]
 11216 | Bailey   | Mangled by an orc knight

Skill      XL: |  1  2  3  4  5  6  7  8  9 10 11 |
---------------+----------------------------------+-----
Fighting       | 4 7 8 |  8.1
Axes           | 3 4 5 6 8 9 11 13 16 17 | 17.6
Invocations    | 3 5 7 |  7.0
Armour         | 4 9 |  9.0
Dodging        | 2 |  2.2
Shields        | 4 |  4.2

Action                   |  1- 3 |  4- 6 |  7- 9 | 10-12 || total
-------------------------+-------+-------+-------+-------++-------
Melee: War axe           |    60 |   201 |   336 |   556 ||  1153
       Blowgun           |       |     1 |       |       ||     1
       Unarmed           |       |       |       |     6 ||     6
 Fire: Blowgun           |       |     7 |     8 |    11 ||    26
Throw: Javelin           |       |       |     6 |     7 ||    13
Invok: Lesser Servant of |       |       |       |     2 ||     2
       Major Destruction |       |       |       |     1 ||     1
Evoke: Wand              |       |       |       |    18 ||    18
       Fan of gales      |       |       |       |     1 ||     1
  Use: Scroll            |       |       |     9 |    11 ||    20
       Potion            |       |       |       |     9 ||     9
  Eat: Chunk             |       |     6 |    12 |     6 ||    24
       Ration            |       |       |       |     3 ||     3
Armor: Scale mail        |    18 |       |       |    75 ||    93
       Chain mail        |    12 |    96 |   107 |       ||   215
       Plate armour      |       |       |    44 |   138 ||   182
       Skin              |       |       |       |     1 ||     1
Dodge: Dodged            |    21 |    32 |    34 |    92 ||   179
Block: Shield            |    46 |    78 |   115 |   168 ||   407
       Reflection        |       |       |       |    11 ||    11
       Buckler           |       |       |       |    81 ||    81
